 Dungeon Crawl Stone Soup version 0.28.0-53-g5a82cb258f (webtiles) character file.

Game seed: 3238943400976168230

119 cbfl8 the Covered (level 4, -3/41 HPs)
             Began as a Minotaur Fighter on July 19, 2022.
             Slain by a gnoll
             ... wielding a +0 flail
              (4 damage)
             ... on level 2 of the Dungeon.
             The game lasted 00:01:12 (1507 turns).

cbfl8 the Covered (Minotaur Fighter)                Turns: 1507, Time: 00:01:13

Health: -3/41      AC:  7    Str: 20    XL:     4   Next: 74%
Magic:  3/3        EV:  9    Int:  5    God:
Gold:   51         SH:  5    Dex: 12    Spells: 3/3 levels left

rFire   + . .      SeeInvis .   a - +0 war axe
rCold   + . .      Faith    .   c - +0 buckler
rNeg    . . .      Spirit   .   b - +0 scale mail
rPois   +          Reflect  .   (helmet restricted)
rElec   +          Harm     .   (no cloak)
rCorr   +          Rampage  .   (no gloves)
Will    .....                   (no boots)
Stlth   ..........              (no amulet)
HPRegen 0.13/turn               (no ring)
MPRegen 0.08/turn               (no ring)

@: resistant, studying Spellcasting
A: horns 2, retaliatory headbutt
a: no special abilities


You were on level 2 of the Dungeon.
You visited 1 branch of the dungeon, and saw 2 of its levels.

You collected 51 gold pieces.

Inventory:

Hand Weapons
 a - a +0 war axe (weapon)
Armour
 b - a +0 scale mail (worn)
 c - a +0 buckler (worn)
Scrolls
 f - a scroll of enchant weapon {unknown}
 g - a scroll of holy word {unknown}
 h - 3 scrolls of teleportation {unknown}
 i - a scroll of summoning {unknown}
Potions
 d - a potion of might
 j - a potion of lignification {unknown}


   Skills:
 + Level 4.3 Fighting
 + Level 3.8 Axes
 + Level 4.7 Armour
 + Level 0.8 Dodging
 + Level 4.2 Shields


You had 3 spell levels left.
You didn't know any spells.
Your spell library was empty.

Dungeon Overview and Level Annotations

Branches:
Dungeon (2/15)

Altars:


Innate Abilities, Weirdness & Mutations

You have a pair of horns on your head.
You reflexively headbutt those who attack you in melee.


Message History

There are monsters nearby!
You are held in a net!
There are monsters nearby!
You are held in a net!
You struggle against the net.
You tear a large gash into the net.
The gnoll barely misses you. The gnoll hits you but does no damage.
You rip the net and break free!
The gnoll hits you from afar with a +0 spear.
You block the gnoll's attack.
You hit the gnoll but do no damage. Your headbutt misses the gnoll.
The gnoll hits you from afar with a +0 spear.
The gnoll hits you with a +0 flail.
You barely miss the gnoll. You block the gnoll's attack. x2
The gnoll closely misses you. The gnoll hits you with a +0 flail!
You barely miss the gnoll. Your headbutt misses the gnoll.
You block the gnoll's attack. The gnoll closely misses you.
You hit the gnoll but do no damage. The gnoll hits you with a +0 flail!
* * * LOW HITPOINT WARNING * * *
The gnoll hits you but does no damage.
You closely miss the gnoll.
You headbutt the gnoll, but do no damage.
The gnoll hits you from afar with a +0 spear.
* * * LOW HITPOINT WARNING * * *
You block the gnoll's attack.
The gnoll hits you from afar with a +0 spear.
* * * LOW HITPOINT WARNING * * *
The gnoll barely misses you.
You hit the gnoll. Your headbutt misses the gnoll.
The gnoll is lightly wounded.
The gnoll hits you from afar with a +0 spear.
* * * LOW HITPOINT WARNING * * *
The gnoll hits you but does no damage.
Unknown command.
It was a potion of resistance.
You feel protected.
The gnoll hits you from afar with a +0 spear.
* * * LOW HITPOINT WARNING * * *
The gnoll hits you with a +0 flail.
You die...

########## ........ +
#.....##### .# #.........#
..#
###+###......(..##g..###
...>............@g......
.....###........########
.....# #........# ###†##
#........############# #.#
#........##(.........#
#.##############..........#
#.......# #..........# ..#
#######'###### #..........#
#.# #.........# #...†)...#
#.#


You could see 2 gnolls.

Vanquished Creatures
  Natasha (twice) (D:2)
  Terence (D:2)
  A gnoll (D:2)
  A dart slug (D:1)
  2 bats (D:1)
  3 endoplasms (D:2)
  3 goblins
  2 hobgoblins (D:1)
  3 quokkas (D:2)
  5 ball pythons
  4 frilled lizards
  6 kobolds
  4 rats (D:1)
37 creatures vanquished.

Notes
Turn   | Place    | Note
-------+----------+-------------------------------------------
     0 | D:1      | cbfl8 the Minotaur Fighter began the quest for the Orb.
     0 | D:1      | Reached XP level 1. HP: 19/19 MP: 0/0
     2 | D:1      | Noticed an ogre
     4 | D:1      | Noticed a vampire
     4 | D:1      | Noticed an elf
     8 | D:1      | Noticed a naga
     8 | D:1      | Noticed a minotaur
    10 | D:1      | Noticed a formicid
    12 | D:1      | Noticed a vine stalker
    12 | D:1      | Noticed a spriggan
    14 | D:1      | Noticed an octopode
    14 | D:1      | Noticed a tengu
    16 | D:1      | Noticed a demonspawn
    16 | D:1      | Noticed a merfolk
    18 | D:1      | Noticed a troll
    18 | D:1      | Noticed a dwarf
    20 | D:1      | Noticed a gargoyle
    20 | D:1      | Noticed a draconian
    22 | D:1      | Noticed a human
    22 | D:1      | Noticed a felid
    24 | D:1      | Noticed a ghoul
    26 | D:1      | Noticed a demigod
   365 | D:1      | Reached XP level 2. HP: 27/27 MP: 1/1
  1153 | D:2      | Noticed Natasha
  1159 | D:2      | Reached XP level 3. HP: 29/33 MP: 2/2
  1159 | D:2      | Killed Natasha
  1161 | D:2      | Noticed Natasha
  1166 | D:2      | Killed Natasha
  1167 | D:2      | Reached XP level 4. HP: 37/40 MP: 3/3
  1280 | D:2      | Noticed Terence
  1292 | D:2      | Killed Terence
  1506 | D:2      | HP: 2/41 [gnoll/+0 spear (4)]
  1507 | D:2      | Slain by a gnoll

Illustrated notes

Levels and vault maps discovered:
D:1:      kb_arrival_jail, layout_basic, minmay_split_cup_small
D:2:      layout_basic, dk_noncrumbling_3, uniq_natasha, uniq_terence

Skill      XL: |  1  2  3 |
---------------+----------+-----
Armour         | 4 |  4.7
Fighting       | 4 |  4.3
Shields        | 4 |  4.2
Axes           | 3 |  3.8
Dodging        | |  0.8

Action                   |  1- 3 |  4- 6 || total
-------------------------+-------+-------++-------
Melee: War axe           |    56 |    35 ||    91
       Headbutt          |     4 |     2 ||     6
  Use: Potion            |       |     1 ||     1
Armor: Scale mail        |    29 |    17 ||    46
Dodge: Dodged            |    32 |    13 ||    45
Block: Buckler           |    14 |    12 ||    26
